 Dungeon Crawl Stone Soup version 0.30-a0-339-g89bb51ec76 (webtiles) character file.

Game seed: 12867467108145484755

1154 ytrimaz the Chopper (level 8, 0/65 HPs)
             Began as a Formicid Fighter on Oct 31, 2022.
             Was an Initiate of Okawaru.
             Killed by nerve-wracking pain
             ... invoked by Menkaure
              (13 damage)
             ... on level 6 of the Dungeon.
             The game lasted 00:06:00 (4557 turns).

ytrimaz the Chopper (Formicid Fighter)              Turns: 4557, Time: 00:06:00

Health: 0/65       AC: 12    Str: 23    XL:     8   Next: 65%
Magic:  8/8        EV:  9    Int:  6    God:    Okawaru [......]
Gold:   236        SH:  5    Dex: 13    Spells: 7/7 levels left

rFire   . . .      SeeInvis +    a - +0 war axe (flame)
rCold   . . .      Faith    .    c - +0 buckler
rNeg    . . .      Spirit   .    b - +0 scale mail
rPois   .          Reflect  .    (helmet unavailable)
rElec   .          Harm     .    (no cloak)
rCorr   +          Rampage  .    (no gloves)
Will    .....                    q - +0 pair of boots
Stlth   ..........               (no amulet)
HPRegen 0.30/turn                j - ring of resist corrosion
MPRegen 0.11/turn                n - +4 ring of protection

@: no status effects
A: permanent stasis, dig shafts and tunnels, antennae 3, four strong arms, dopey
1, sense surroundings 1
a: Dig, Shaft Self, Renounce Religion


You were on level 6 of the Dungeon.
You worshipped Okawaru.
Okawaru was noncommittal.
You visited 2 branches of the dungeon, and saw 7 of its levels.
You also visited: Sewer.

You collected 236 gold pieces.


Innate Abilities, Weirdness & Mutations

You cannot be hasted, slowed, berserked, paralysed or teleported.
You can dig through walls and to a lower floor.
You have a pair of large antennae on your head. (SInv)
Your four strong arms can wield two-handed weapons with a shield.
You are dopey. (Int -2)
You passively map a small area around you.


   Skills:
 + Level 6.6 Fighting
 + Level 7.1 Axes
 - Level 3.2 Armour
 - Level 7.0 Shields


You had 7 spell levels left.
You didn't know any spells.
Your spell library was empty.

Inventory:

Hand Weapons
 a - a +0 war axe of flaming (weapon)
Missiles
 g - 7 poisoned darts
 l - a throwing net (quivered)
Armour
 b - a +0 scale mail (worn)
 c - a +0 buckler (worn)
 q - a +0 pair of boots (worn)
   (You found it on level 4 of the Dungeon)
Jewellery
 j - a ring of resist corrosion (left hand)
   (You found it on level 1 of the Dungeon)
 n - a +4 ring of protection (right hand)
   (You found it on level 4 of the Dungeon)
 p - a ring of ice
   (You found it on level 4 of the Dungeon)
 s - a ring of willpower
   (You found it on level 5 of the Dungeon)
Scrolls
 h - a scroll of magic mapping
 m - a scroll of enchant weapon
 o - 3 scrolls of identify
 r - a scroll of butterflies
 t - a scroll of immolation
Potions
 e - 2 potions of cancellation
 f - a potion of flight
 i - 3 potions of attraction
 k - 4 potions of curing

Dungeon Overview and Level Annotations

Branches:
Dungeon (6/15) Zot: 26986  Temple (1/1) D:4 Zot: 5859   Sewer (visited)

Altars:
Ashenzari
Cheibriados
Elyvilon
Gozag
Hepliaklqana
Kikubaaqudgha
Makhleb
Nemelex Xobeh
Okawaru
Qazlal
Ru
Sif Muna
Trog
Wu Jian
Xom
The Shining One

Shops:
D:4 (

Annotations:
D:6 Menkaure * ##################. .......<...@M...... ##################. , , {, , ** , ,, *, , , ,{ * * * , , , , +, * , * , * ,

You could see Menkaure (fast, caught).


Message History

An adder is nearby!
An adder is nearby!
You block the adder's attack.
You hit the adder. You burn the adder. The adder bites you but does no damage.
You closely miss the adder. You block the adder's attack.
The adder bites you but does no damage.
Unknown command.
You closely miss the adder. The adder bites you.
The adder bites you but does no damage. 😕 HP[-1]
You take 1 damage, and now have 64/65 hp.
You hit the adder. You burn the adder. The adder bites you. 😕 HP[-3]
You take 3 damage, and now have 61/65 hp.
You slash the adder! You burn the adder.
You kill the adder!
Okawaru accepts your kill.
Unknown command.
No target in view! 😕 HP[+1] No target in view!
Unknown command.
There is a stone staircase leading down here.
There is a stone staircase leading down here.
Key pressed, stopping explore.
You open the door.
There is an open door here.
You enter the shallow water.
Moving in this stuff is going to be slow.
You see here a ball python corpse.
There is an open door here.
Key pressed, stopping explore.
Key pressed, stopping explore.
Done exploring. 😎 HP[+3]
Your hp is fully restored (65).
There is a stone staircase leading down here.
You climb downwards.
There is a stone staircase leading up here.
Unknown command.
Menkaure, Prince of Dust comes into view.
Menkaure shouts!
Menkaure gestures wildly while chanting.
Menkaure seems to speed up.
Menkaure calls on the powers of darkness!
Your body is wracked with pain! 😮 HP[-31]
You take 31 damage, and now have 34/65 hp.
MASSIVE DAMAGE!! (PAUSE) Menkaure calls on the powers of darkness!
Your body is wracked with pain!
* * * LOW HITPOINT WARNING * * *
Menkaure calls on the powers of darkness!
Your body is wracked with pain!
* * * LOW HITPOINT WARNING * * *
😱 HP[-24]
You take 24 damage, and now have 10/65 hp.
MASSIVE DAMAGE!! (PAUSE)
You feel better.
Menkaure gestures at you while chanting.
Pain shoots through your body!
* * * LOW HITPOINT WARNING * * *
😱 HP[-5]
You take 5 damage, and now have 5/65 hp.
Unknown command.
You feel better. 😱 HP[+5]
You regained 5 hp, and now have 10/65 hp.
You are confused.
You feel invigorated. 😱 HP[+5]
You regained 5 hp, and now have 15/65 hp. 😨 HP[+4]
You regained 4 hp, and now have 19/65 hp.
Unknown command.
You feel less invigorated.
You feel less confused. You block Menkaure's attack. 😨 HP[+4]
You regained 4 hp, and now have 23/65 hp.
Menkaure gestures at you while chanting.
You struggle to resist.
Unknown command.
Menkaure calls on the powers of darkness!
Your body is wracked with pain!
* * * LOW HITPOINT WARNING * * *
😱 HP[-10]
You take 10 damage, and now have 13/65 hp.
You barely miss Menkaure. Menkaure barely misses you.
Unknown command.
Okay, then.
Throw: 2 throwing nets
Press: ? - help, Q - select action, (/) - cycle Shift-Dir - straight line, f - Menkaure
Aim: Menkaure (fast, 75% to hit)
You throw a throwing net. The throwing net hits Menkaure.
Menkaure is caught in the net!
Menkaure struggles against the net.
Menkaure gestures at you while chanting.
Pain shoots through your body!
You die...

Skill      XL: |  1  2  3  4  5  6  7  8 |
---------------+-------------------------+-----
Axes           | 3 4 5 6 7 |  7.1
Shields        | 5 6 7 |  7.0
Fighting       | 4 5 6 |  6.6
Armour         | |  3.2

Action                   |  1- 3 |  4- 6 |  7- 9 || total
-------------------------+-------+-------+-------++-------
Melee: War axe           |    93 |   146 |   123 ||   362
Throw: Throwing net      |       |       |     1 ||     1
Evoke: Wand              |       |     4 |     4 ||     8
  Use: Scroll            |     2 |    11 |     2 ||    15
       Potion            |       |     4 |     4 ||     8
Armor: Scale mail        |    40 |    74 |    91 ||   205
Dodge: Dodged            |    51 |    68 |    74 ||   193
Block: Buckler           |    19 |    46 |    49 ||   114

Levels and vault maps discovered:
D:1:      eino_arrival_water_star, layout_loops_ring, minivault_24,
          chequers_serial_rivers_marsh
D:2:      layout_loops_ring, basic_altar, dreamdust_ecumenical_altar_statues,
          chequers_serial_rivers_small_a, hangedman_decor_riveting
D:3:      layout_basic, tgw_kikubaaqudgha, cheibrodos_sewer_entry_bend
D:4:      layout_rooms, nemelex_spade_bored_becter, minmay_temple_entry_slanted,
          serial_demonic, serial_demonic_b, serial_demonic_b, serial_demonic_g,
          serial_demonic_e, serial_demonic_d, serial_demonic_b,
          serial_demonic_c, serial_demonic_f, serial_demonic_a,
          serial_demonic_e, serial_shops, nicolae_shop_bloodbath_and_beyond,
          minmay_misc_feat_pillars, uniq_ijyb, uniq_sigmund
D:5:      layout_rooms, okawaru_gym_becter, saegor_snake_ambush
D:6:      layout_basic, mainiacjoe_overflow_catwalk, uniq_menkaure
Temple:   dshaligram_water_room_temple

Notes
Turn   | Place    | Note
-------+----------+-------------------------------------------
     0 | D:1      | ytrimaz the Formicid Fighter began the quest for the Orb.
     0 | D:1      | Reached XP level 1. HP: 18/18 MP: 1/1
     0 | D:1      | magus.rc [v1.9.6]
   117 | D:1      | Reached XP level 2. HP: 24/24 MP: 2/2
   306 | D:1      | Reached XP level 3. HP: 29/29 MP: 3/3
   694 | D:2      | Reached skill level 3 in Axes
   695 | D:2      | Reached skill level 5 in Shields
   721 | D:2      | Found a shimmering altar of Xom.
   796 | D:2      | Found a faded altar of an unknown god.
   811 | D:2      | Reached XP level 4. HP: 15/35 MP: 4/4
  1437 | D:3      | Found a glowing drain.
  1454 | Sewer    | Entered a sewer
  1655 | Sewer    | Reached XP level 5. HP: 34/41 MP: 5/5
  1948 | Sewer    | Reached skill level 4 in Axes
  1948 | Sewer    | Reached skill level 6 in Shields
  2544 | D:3      | Found an ancient bone altar of Kikubaaqudgha.
  2545 | D:3      | Noticed a human
  2548 | D:3      | Killed a human
  2770 | D:4      | Reached XP level 6. HP: 39/47 MP: 6/6
  2824 | D:4      | Noticed Ijyb
  2838 | D:4      | Killed Ijyb
  2885 | D:4      | Noticed Sigmund
  2888 | D:4      | Noticed an ogre
  2890 | D:4      | Gained mutation: You are vulnerable to cold. (rC-) [potion
                  | of mutation]
  2894 | D:4      | Reached skill level 7 in Shields
  2895 | D:4      | Killed Sigmund
  2895 | D:4      | Killed an ogre
  2896 | D:4      | Reached skill level 4 in Fighting
  2896 | D:4      | Reached skill level 5 in Axes
  2896 | D:4      | Reached XP level 7. HP: 30/55 MP: 7/7
  3050 | D:4      | Found Xudghemu's Weapon Emporium.
  3097 | D:4      | Found a sparkling altar of Nemelex Xobeh.
  3139 | D:4      | Reached skill level 5 in Fighting
  3172 | D:4      | Found a staircase to the Ecumenical Temple.
  3191 | D:4      | Reached skill level 6 in Axes
  3274 | D:4      | Reached XP level 8. HP: 43/62 MP: 8/8
  3495 | Temple   | Entered the Ecumenical Temple
  3663 | D:5      | Entered Level 5 of the Dungeon
  3802 | D:5      | Lost mutation: You are vulnerable to cold. (rC-) [potion of
                  | mutation]
  3802 | D:5      | Gained mutation: You passively map a small area around you.
                  | [potion of mutation]
  3802 | D:5      | Gained mutation: You are dopey. (Int -2) [potion of
                  | mutation]
  3913 | D:5      | Found an iron altar of Okawaru.
  3932 | D:5      | Reached skill level 6 in Fighting
  3944 | D:5      | Became a worshipper of Warmaster Okawaru
  4134 | D:5      | Reached skill level 7 in Axes
  4546 | D:6      | Noticed Menkaure
  4548 | D:6      | HP: 10/65 [??? (8)]
  4555 | D:6      | HP: 13/65 [??? (11)]
  4557 | D:6      | Killed from afar by Menkaure

Vanquished Creatures
  Sigmund (D:4)
  A black bear (D:5)
  A centaur (D:5)
  2 ogres (D:4)
  A scorpion (D:5)
  A jelly (D:4)
  A gnoll bouda (D:5)
  2 hounds
  Ijyb (D:4)
  An orc wizard (D:5)
  An iguana (D:5)
  11 gnolls
  7 adders
  3 river rats (Sewer)
  A shadow imp (D:4)
  4 white imps (D:4)
  4 ufetubi
  2 worms
  2 dart slugs (D:5)
  12 orcs
  17 ball pythons
  6 endoplasms
  5 giant cockroaches
  3 goblins
  8 hobgoblins
  5 jackals (D:2)
  2 quokkas
  4 bats
  5 frilled lizards
  14 kobolds
  10 rats
138 creatures vanquished.

Vanquished Creatures (others)
  A human (D:3)
  5 demonic plants (D:4)
  A plant (D:5)
7 creatures vanquished.

Grand Total: 145 creatures vanquished

Table legend:
 A = Non-vault XP
 B = Vault XP
 C = Vault XP percentage of total XP
 D = Non-vault monster count
 E = Vault monster count
 F = Vault count percentage of total count
                 A         B        C        D         E       F
            +---------+---------+-------+---------+---------+-------
      Total |    1180 |     469 |  28.4 |     105 |      33 |  23.9
            +---------+---------+-------+---------+---------+-------
        D:1 |      42 |       0 |   0.0 |      27 |       0 |   0.0
        D:2 |      48 |       0 |   0.0 |      20 |       0 |   0.0
        D:3 |      58 |       5 |   7.9 |      12 |       1 |   7.7
        D:4 |     438 |     355 |  44.8 |      22 |      10 |  31.2
        D:5 |     594 |       4 |   0.7 |      24 |       3 |  11.1
      Sewer |       0 |     105 | 100.0 |       0 |      19 | 100.0
            +---------+---------+-------+---------+---------+-------

Illustrated notes

Table legend:
 A = Kills in this place as a percentage of kills in entire the game.
 B = Kills by you in this place as a percentage of kills by you in the entire game.
 C = Kills by friends in this place as a percentage of kills by friends in the entire game.
 D = Other kills in this place as a percentage of other kills in the entire game.
 E = Experience gained in this place as a percentage of experience gained in the entire game.
 F = Experience gained in this place divided by the number of levels of this place that you have seen.
                   A       B       C       D       E      F
               +-------+-------+-------+-------+-------+----------------------
         Total | 100.0 | 100.0 |   N/A |   N/A | 100.0 | 206.1
       Dungeon |  86.2 |  86.2 |   N/A |   N/A |  93.6 | 257.3
         Sewer |  13.8 |  13.8 |   N/A |   N/A |   6.4 | 105.0
               +-------+-------+-------+-------+-------+----------------------

Table legend: (Time is in decaauts)
 A = Elapsed time spent in this place.
 B = Non-inter-level travel time spent in this place.
 C = Inter-level travel time spent in this place.
 D = Time resting spent in this place.
 E = Time spent auto-exploring this place.
 F = Levels seen in this place.
 G = Mean time per level.
                   A        B        C        D        E       F      G
               +--------+--------+--------+--------+--------+-----+--------+
         Total |   4740 |   4548 |    192 |    335 |   3119 |   8 |  592.5 |
       Dungeon |   3984 |   3814 |    170 |    168 |   2779 |   6 |  664.0 |
        Temple |    140 |    118 |     22 |      0 |    107 |   1 |  140.0 |
         Sewer |    615 |    615 |      0 |    167 |    232 |   1 |  615.0 |
               +--------+--------+--------+--------+--------+-----+--------+

Top non-repeatable levels by time:
     D:5: 918 daAuts
     D:3: 862 daAuts
     D:4: 771 daAuts
     D:2: 753 daAuts
     D:1: 665 daAuts
   Sewer: 615 daAuts
  Temple: 140 daAuts
     D:6: 12 daAuts
